details: 'team insults me for being mooch'

« prev index next »

General information

Mini Map

Players

team 1
Random» UndeadIconicPenguin4 (yellow | 56 APM | 1381 actions | 24:26)
Hero icon 6 Death Knight
Ability icon 3 Death Coil
Ability icon 3 Unholy Aura
Hero icon 4 Lich
Ability icon 2 Frost Nova
Ability icon 2 Frost Armor
Hero icon 5 Crypt Lord
Ability icon 3 Impale
Ability icon 2 Spiked Carapace

» actions
Assign group hotkey18
Basic commands94
Build / train77
Enter build submenu29
Enter hero's abilities submenu15
Give item / drop item3
Right click466
Select / deselect330
Select group hotkey241
Use ability108
1381 total
» units
Acolyte12
Ghoul6
Crypt Fiend5
Obsidian Statue4
Frost Wyrm4
31 total
» upgrades
Creature Attack3
Creature Carapace4
Web1
Destroyer Form1
Freezing Breath1
Burrow1
11 total
» buildings
Crypt2
Graveyard1
Ziggurat11
Altar of Darkness1
Tomb of Relics2
Halls of the Dead1
Nerubian Tower2
Necropolis2
Spirit Tower2
Slaughterhouse2
Black Citadel1
Sacrificial Pit1
Boneyard2
30 total
» build order
00:08 Crypt
00:18 Graveyard
00:39 Ziggurat
00:57 Altar of Darkness
01:40 Ziggurat
02:13 Tomb of Relics
04:33 Halls of the Dead
04:42 Nerubian Tower
05:18 Necropolis
05:33 Ziggurat
05:44 Ziggurat
06:25 Ziggurat
06:25 Spirit Tower
06:29 Tomb of Relics
06:52 Nerubian Tower
07:09 Slaughterhouse
07:37 Spirit Tower
07:52 Black Citadel
08:38 Slaughterhouse
08:39 Sacrificial Pit
10:58 Boneyard
10:59 Boneyard
11:01 Ziggurat
11:02 Ziggurat
11:05 Ziggurat
17:30 Ziggurat
19:24 Crypt
20:48 Ziggurat
20:51 Ziggurat
21:54 Necropolis
» items
Rod of Necromancy1
Sacrificial Skull1
Orb of Corruption3
Scroll of Town Portal3
Potion of Healing3
11 total
Random» Undeadvisari (purple | 117 APM | 2867 actions | 24:26)
Hero icon 5 Death Knight
Ability icon 3 Death Coil
Ability icon 2 Unholy Aura
Hero icon 2 Lich
Ability icon 2 Frost Nova

» actions
Assign group hotkey30
Basic commands126
Build / train65
Enter build submenu26
Enter hero's abilities submenu7
Give item / drop item1
Right click1045
Select / deselect981
Select group hotkey506
Use ability80
2867 total
» units
Acolyte7
Ghoul5
Crypt Fiend9
Obsidian Statue2
Abomination2
Frost Wyrm5
30 total
» upgrades
Web1
Unholy Strength1
Creature Carapace3
Disease Cloud1
Creature Attack2
Freezing Breath1
9 total
» buildings
Crypt1
Graveyard1
Altar of Darkness1
Ziggurat9
Tomb of Relics1
Nerubian Tower2
Halls of the Dead1
Necropolis2
Slaughterhouse1
Black Citadel1
Spirit Tower3
Sacrificial Pit1
Boneyard2
26 total
» build order
00:32 Crypt
00:45 Graveyard
01:11 Altar of Darkness
01:16 Ziggurat
01:42 Tomb of Relics
02:03 Ziggurat
02:56 Nerubian Tower
04:31 Halls of the Dead
05:41 Ziggurat
06:18 Necropolis
07:19 Slaughterhouse
08:29 Black Citadel
08:36 Ziggurat
08:49 Ziggurat
09:30 Ziggurat
09:31 Nerubian Tower
10:48 Spirit Tower
10:54 Sacrificial Pit
11:22 Ziggurat
11:23 Spirit Tower
13:25 Boneyard
13:31 Boneyard
15:13 Ziggurat
19:56 Spirit Tower
21:27 Ziggurat
21:49 Necropolis
» items
Rod of Necromancy4
Potion of Healing1
Scroll of Healing2
Scroll of Town Portal2
9 total
HumanKingFlippyNips (pink | 52 APM | 1267 actions | 24:26)
Hero icon 3 Mountain King
Ability icon 2 Storm Bolt
Ability icon 1 Bash
Hero icon 3 Beastmaster
Ability icon 1 Summon Bear
Ability icon 2 Summon Hawk

» actions
Assign group hotkey36
Basic commands9
Build / train66
Enter build submenu24
Enter hero's abilities submenu6
Give item / drop item2
Remove unit from queue7
Right click396
Select / deselect268
Select group hotkey388
Use ability65
1267 total
» units
Peasant15
Knight1
Sorceress6
Blue Drake1
Priest2
Rifleman3
28 total
» upgrades
Masonry1
Lumber Harvesting2
Sorceress Training2
Animal War Training1
Swords3
Priest Training1
Plating2
Long Rifles1
13 total
» buildings
Lumber Mill1
Farm14
Scout Tower1
Arcane Tower1
Altar of Kings1
Keep1
Town Hall1
Arcane Vault1
Castle1
Arcane Sanctum2
Barracks3
Blacksmith1
28 total
» build order
00:22 Lumber Mill
00:27 Farm
00:29 Scout Tower
01:06 Arcane Tower
01:41 Altar of Kings
02:40 Farm
02:54 Farm
03:37 Keep
03:50 Town Hall
04:25 Arcane Vault
05:32 Farm
06:05 Castle
06:23 Arcane Sanctum
08:01 Barracks
08:41 Arcane Sanctum
08:43 Barracks
08:50 Blacksmith
09:11 Farm
10:23 Barracks
11:04 Farm
11:04 Farm
11:50 Farm
20:56 Farm
20:58 Farm
21:49 Farm
» items
Scroll of Regeneration1
Lesser Clarity Potion2
Potion of Healing2
Scroll of Town Portal1
6 total
NightElfafkBot021 (blue | 0 APM | 2 actions | 24:26)

» actions
Select / deselect2
2 total
team 2
Random» NightElfNIGERlessjoe (green | 26 APM | 632 actions | 24:16)
Hero icon 5 Keeper of the Grove
Ability icon 3 Entangling Roots
Ability icon 2 Thorns Aura

» actions
Build / train81
Enter build submenu30
Enter hero's abilities submenu5
Remove unit from queue2
Right click230
Select / deselect228
Use ability56
632 total
» units
Wisp21
Archer11
Goblin Zeppelin1
Goblin Shredder1
Chimaera9
Hippogryph11
Dryad8
62 total
» upgrades
Strength of the Wild2
Improved Bows1
Marksmanship1
Corrosive Breath1
Reinforced Hides1
6 total
» buildings
Altar of Elders1
Moon Well7
Ancient of War1
Ancient of Wonders1
Tree of Ages1
Hunter's Hall1
Tree of Eternity1
Ancient of Wind1
Tree of Life3
Chimaera Roost3
Ancient Protector4
Ancient of Lore1
25 total
» build order
00:10 Altar of Elders
00:25 Moon Well
00:44 Ancient of War
01:41 Moon Well
01:57 Ancient of Wonders
02:46 Moon Well
03:16 Tree of Ages
03:51 Hunter's Hall
04:46 Moon Well
05:42 Tree of Eternity
06:31 Ancient of Wind
06:55 Tree of Life
07:49 Tree of Life
10:43 Chimaera Roost
11:24 Ancient Protector
11:29 Ancient Protector
11:44 Chimaera Roost
11:50 Ancient of Lore
12:22 Moon Well
12:42 Chimaera Roost
13:21 Moon Well
13:35 Ancient Protector
13:39 Ancient Protector
19:27 Tree of Life
19:36 Moon Well
» items
Scroll of Town Portal2
Orb of Venom1
3 total
Random» Humancelebrieigil (orange | 40 APM | 975 actions | 24:18)
Hero icon 5 Paladin
Ability icon 1 Holy Light
Ability icon 3 Divine Shield
Ability icon 1 Devotion Aura
Hero icon 3 Mountain King
Ability icon 2 Bash
Ability icon 1 Thunder Clap

» actions
Assign group hotkey59
Build / train111
Enter build submenu24
Enter hero's abilities submenu8
Give item / drop item6
Remove unit from queue1
Right click229
Select / deselect158
Select group hotkey295
Use ability84
975 total
» units
Peasant36
Footman6
Rifleman7
Knight16
Priest9
Siege Engine5
79 total
» upgrades
Swords2
Plating2
Gunpowder2
Lumber Harvesting2
Defend1
Masonry1
Priest Training2
Animal War Training2
Barrage1
15 total
» buildings
Farm11
Barracks2
Altar of Kings1
Lumber Mill1
Blacksmith1
Arcane Vault2
Keep1
Town Hall3
Castle1
Arcane Sanctum1
Workshop2
26 total
» build order
00:38 Farm
00:54 Barracks
01:07 Altar of Kings
01:22 Farm
01:35 Lumber Mill
02:00 Farm
02:23 Blacksmith
02:42 Farm
03:22 Farm
04:02 Farm
04:05 Arcane Vault
04:50 Farm
05:28 Keep
06:04 Town Hall
07:00 Farm
07:07 Barracks
07:46 Farm
07:52 Castle
09:12 Farm
10:43 Arcane Vault
10:52 Arcane Sanctum
11:00 Farm
13:01 Town Hall
17:41 Town Hall
20:50 Workshop
20:53 Workshop
» items
Scroll of Town Portal3
Orb of Fire1
4 total
HumanWinFreeloader (teal | 2 APM | 43 actions | 24:26)

» actions
Build / train9
Remove unit from queue1
Right click7
Select / deselect26
43 total
» units
Peasant8
8 total
» buildings
Keep0
0 total
» build order
08:34 Keep
Random» UndeadWinterSnows (red | 31 APM | 742 actions | 24:13)
Hero icon 6 Crypt Lord
Ability icon 3 Impale
Ability icon 2 Spiked Carapace
Ability icon 1 Locust Swarm

» actions
Assign group hotkey5
Basic commands77
Build / train64
Enter build submenu17
Enter hero's abilities submenu6
Give item / drop item3
Right click307
Select / deselect186
Select group hotkey22
Use ability55
742 total
» units
Acolyte17
Ghoul5
Crypt Fiend10
Frost Wyrm6
Goblin Zeppelin1
39 total
» upgrades
Web1
Creature Attack3
Creature Carapace3
Freezing Breath1
8 total
» buildings
Graveyard1
Ziggurat9
Altar of Darkness1
Crypt1
Tomb of Relics1
Halls of the Dead1
Black Citadel1
Sacrificial Pit1
Boneyard3
Nerubian Tower1
Spirit Tower4
24 total
» build order
01:07 Graveyard
01:11 Ziggurat
01:14 Altar of Darkness
01:17 Ziggurat
01:22 Crypt
01:36 Tomb of Relics
02:10 Ziggurat
03:35 Halls of the Dead
06:18 Black Citadel
06:23 Ziggurat
08:59 Sacrificial Pit
09:05 Ziggurat
10:43 Boneyard
10:47 Boneyard
10:50 Boneyard
11:41 Ziggurat
11:44 Ziggurat
11:47 Ziggurat
11:49 Ziggurat
13:00 Nerubian Tower
13:02 Spirit Tower
13:03 Spirit Tower
13:05 Spirit Tower
13:06 Spirit Tower
» items
Rod of Necromancy1
Orb of Corruption1
Scroll of Town Portal1
3 total

Chat log

(00:16 / Allies) NIGERlessjoe: afk bot is prob afk
(00:29 / Allies) WinterSnows: he is..been doing it with a different number at the end all day
(00:35 / Allies) NIGERlessjoe: rush
(00:36 / Allies) NIGERlessjoe: then
(00:43 / Allies) WinterSnows: hell no
(00:49 / Allies) WinterSnows: not on this board
(00:54 / Allies) NIGERlessjoe: fuck
(00:59 / Allies) WinterSnows: then its even
(01:04 / Allies) NIGERlessjoe: atleast hes not on outside

(03:33 / Allies) NIGERlessjoe: oh hes alive
(03:37 / Allies) NIGERlessjoe: welcome teal

(06:41 / Allies) NIGERlessjoe: wood?
(06:48 / Allies) NIGERlessjoe: ty
(06:54 / Allies) celebrieigil: np

(08:30 / Allies) NIGERlessjoe: thx teal
(08:34 / Allies) NIGERlessjoe: asshole
(08:44 / All) WinFreeloader: Truce
(08:46 / All) WinFreeloader: let me tech plz
(08:50 / All) IconicPenguin4: fuck u
(08:53 / All) IconicPenguin4: for fucking games up
(08:56 / Allies) WinFreeloader: who wants the gold
(09:01 / Allies) WinterSnows: me
(09:04 / Allies) NIGERlessjoe: u must have been dropped a baby u prick
(09:07 / Allies) NIGERlessjoe: die in a fire
(09:21 / Allies) WinFreeloader: HELP!
(09:29 / Allies) WinFreeloader: HELP
(09:39 / Allies) WinFreeloader: back
(09:43 / Allies) WinFreeloader: a move with your stuff!
(09:47 / Allies) WinFreeloader: a move
(09:49 / Allies) WinterSnows: use defend
(10:07 / All) WinFreeloader: GO TEAM
(10:08 / All) WinFreeloader: GO TEAM
(10:09 / All) WinFreeloader: GO TEAM

(12:28 / Allies) WinFreeloader: units pals
(12:29 / Allies) WinFreeloader: units!
(12:53 / Allies) WinFreeloader: archers!
(13:19 / Allies) WinFreeloader: waste of 4 food!

(14:24 / Allies) NIGERlessjoe: tp?

(15:32 / Allies) celebrieigil: lets bhit
(16:27 / Allies) WinFreeloader: HEAL YOUR KNIGHT!!!!!!!!!!!!!
(16:49 / Allies) WinFreeloader: why you don't have level 2 light?
(17:13 / Allies) WinterSnows: im out

(20:34 / Allies) NIGERlessjoe: b
(20:52 / Allies) NIGERlessjoe: this is a lost game
(21:08 / Allies) WinFreeloader: never leave home without a TP brah
(21:17 / Allies) NIGERlessjoe: hahaha
(21:27 / Allies) NIGERlessjoe: coming from u doesnt mean much
(21:34 / Allies) WinFreeloader: I'm 2-0 undefeated
(21:40 / Allies) NIGERlessjoe: nah ur a faggot
(21:43 / Allies) NIGERlessjoe: im gonna find u
(21:47 / Allies) NIGERlessjoe: and burn ur house down
(21:49 / Allies) WinFreeloader: I have better win percentage than you
(22:00 / Allies) NIGERlessjoe: nah ur a faggot
(22:03 / Allies) WinFreeloader: nah ur a faggot
(22:07 / Allies) NIGERlessjoe: that deserves to die
(22:11 / Allies) WinFreeloader: nah ur a faggot that deserves to die
(22:13 / Allies) WinterSnows: Shut the fuck u and go choke on a cock you lame ass troll
(22:19 / Allies) WinFreeloader: yeah green
(22:23 / Allies) WinFreeloader: fuckin racist troll
(22:38 / Allies) NIGERlessjoe: ur a sad human being to be still here
(22:49 / Allies) NIGERlessjoe: just goes to show how much of a waste of life u are
(22:51 / All) WinFreeloader: I GOT RACISTS ON MY TEAM
(22:53 / All) WinFreeloader: NOT COOL
(22:57 / All) WinFreeloader: THIS IS 2016!
(23:01 / All) IconicPenguin4: Stfu idiot
(23:04 / All) WinterSnows: Better a rascist than a troll
(23:11 / All) WinFreeloader: Bunch of nigger hating Jews1
(23:14 / Allies) NIGERlessjoe: tp at oj
(23:23 / All) WinterSnows: Bet your pitiful ass ain't white...
(23:54 / All) WinFreeloader: I'm a gender fluid transnigger
(23:54 / All) WinterSnows: probably some stinkin Arab or a disgusting Hindi
(24:12 / All) WinterSnows: gg
(24:25 / All) WinFreeloader: gg had the noob team